 Dungeon Crawl Stone Soup version 0.27-a0-899-ge2d0b17c59 (webtiles) character file.

Game seed: 8034710554738390490

318 dickylongcocking the Magician (level 6, -1/41 HPs)
             Began as a Djinni Fire Elementalist on Apr 5, 2021.
             Was an Initiate of Makhleb.
             Slain by a centaur
             ... wielding a +1 whip of electrocution
              (10 damage)
             ... on level 4 of the Dungeon.
             The game lasted 00:03:12 (5422 turns).

dickylongcocking the Magician (DjFE)                Turns: 5422, Time: 00:03:13

Health: -1/41      AC:  2    Str:  7    XL:     6   Next: 45%
Gold:   169        EV: 12    Int: 18    God:    Makhleb [......] SH:  0 Dex: 14

rFire    + + .     SeeInvis .   m - +2 dagger (venom)
rCold    x . .     Faith    .   (no shield)
rNeg     . . .     Spirit   .   a - +0 robe
rPois    ∞         Reflect  .   (no helmet)
rElec    .         Harm     .   (no cloak)
rCorr    .         Rampage  .   (no gloves)
Will     .....                  (boots unavailable)
Stlth    ++........             (no amulet)
HPRegen  0.13/turn              (no ring)
MPRegen  0.00/turn              (no ring)

@: flying
A: fire resistance 2, cold vulnerability 1, float, innate caster, hp casting,
extra vitality 1
a: Renounce Religion


You were on level 4 of the Dungeon.
You worshipped Makhleb.
Makhleb was noncommittal.
You visited 2 branches of the dungeon, and saw 5 of its levels.

You collected 169 gold pieces.

Inventory:

Hand Weapons
 c - a +0 dagger
 m - a +2 dagger of venom (weapon)
Armour
 a - a +0 robe (worn)
Jewellery
 g - an amulet of the acrobat
Scrolls
 b - 2 scrolls of identify
 j - a scroll of enchant armour


   Skills:
 * Level 0.3 Fighting
 - Level 0.3 Short Blades
 - Level 2.4 Dodging
 - Level 2.0 Stealth
 - Level 0.5 Unarmed Combat
 * Level 5.6 Spellcasting


You couldn't memorise any spells.
You knew the following spells:

 Your Spells              Type           Power      Damage    Failure   Level
a - Foxfire               Conj/Fire      100%       2x1d9     1%          1
b - Conjure Flame         Conj/Fire      25%        6-21      3%          3
c - Inner Flame           Hex/Fire       25%        N/A       3%          3
d - Sticky Flame          Conj/Fire      25%        2d5       12%         4
e - Fireball              Conj/Fire      12%        3d7       32%         5
f - Animate Skeleton      Necr           50%        N/A       1%          1
g - Corpse Rot            Necr/Air       N/A        N/A       1%          2
Your spell library was empty.

Dungeon Overview and Level Annotations

Branches:
Dungeon (4/15)             Temple (1/1) D:4

Altars:
Cheibriados
Dithmenos
Fedhas
Hepliaklqana
Kikubaaqudgha
Makhleb
Trog
Vehumet
Yredelemnul
Zin
The Shining One

Annotations:
D:4 exclusion: oklob plant


Innate Abilities, Weirdness & Mutations

You are immune to poison.
Your flesh is very heat resistant. (rF++)
You are vulnerable to cold. (rC-)
You float through the air rather than walking.
You learn spells naturally, not from books.
Your magical power is your life essence.
You have superior vitality. (+4 HP)


Message History

A centaur comes into view.
It is wielding a +1 whip of electrocution.
The centaur shouts!
The centaur barely misses you. The centaur closely misses you. x2
The centaur barely misses you.
Found a stone staircase leading down.
A centaur is nearby!
You barely miss the centaur.
The centaur hits you with a +1 whip of electrocution!
The centaur kicks you but does no damage.
A centaur is nearby!
You hit the centaur.
The centaur is poisoned.
The centaur is lightly wounded.
The centaur hits you with a +1 whip of electrocution!
The centaur kicks you. The centaur barely misses you.
The centaur closely misses you.
A centaur is nearby!
Unknown command.
You hit the centaur.
The centaur looks as sick as possible!
The centaur is moderately wounded.
The centaur misses you. The centaur barely misses you.
Casting: Foxfire (safe; 1% risk of failure)
Confirm with . or Enter, or press ? or * to list all spells.
You conjure some foxfire!
The centaur closely misses you. x2
The centaur barely misses you. The centaur misses you.
Unknown command.
Unknown command.
You barely miss the centaur.
The centaur is moderately wounded.
The foxfire hits the centaur.
The centaur is heavily wounded.
The centaur hits you with a +1 whip of electrocution.
The centaur kicks you.
Casting: Foxfire (safe; 1% risk of failure)
Confirm with . or Enter, or press ? or * to list all spells.
You conjure some foxfire!
The centaur hits you with a +1 whip of electrocution.
* * * LOW HITPOINT WARNING * * *
The centaur closely misses you.
The centaur hits you with a +1 whip of electrocution!
You die...

#...# .## #...
...####... .........#
.........# .........#
.......vv## .......@v.#
≈. ......c#§.## #≈.≈
.......#...## ..≈#
......>#....## #..#
.......##....## ##..#
......[.#.....####...#
........>.............#
<.....................##
..... ....########...#


You could see a centaur (very poisoned, ally target).

Vanquished Creatures
  A water moccasin (D:4)
  A howler monkey (D:4)
  An orc priest (D:3)
  A hound (D:4)
  An orc wizard (D:3)
  A hound skeleton (D:4)
  2 adders
  2 worms (D:2)
  A dart slug (D:3)
  5 orcs (D:2)
  5 ball pythons
  3 bats
  4 endoplasms
  3 giant cockroaches
  9 goblins
  2 hobgoblins
  3 jackals (D:2)
  2 quokkas (D:1)
  3 frilled lizards (D:1)
  5 kobolds
  2 rats
57 creatures vanquished.

Vanquished Creatures (others)
  189 foxfires
189 creatures vanquished.

Grand Total: 246 creatures vanquished

Notes
Turn   | Place    | Note
-------+----------+-------------------------------------------
     0 | D:1      | dickylongcocking the Djinni Fire Elementalist began the
                  | quest for the Orb.
     0 | D:1      | Reached XP level 1. HP: 15/15 MP: 0/0
   115 | D:1      | Reached skill level 3 in Spellcasting
   274 | D:1      | Reached XP level 2. HP: 19/21 MP: 0/0
  1368 | D:2      | Reached XP level 3. HP: 21/25 MP: 0/0
  1368 | D:2      | Learned a level 1 spell: Animate Skeleton
  2346 | D:2      | Reached XP level 4. HP: 28/31 MP: 0/0
  2528 | D:3      | Reached skill level 4 in Spellcasting
  2678 | D:3      | Found a faded altar of an unknown god.
  3231 | D:3      | Found a shadowy altar of Dithmenos.
  3231 | D:3      | Found a snail-covered altar of Cheibriados.
  3468 | D:3      | Reached XP level 5. HP: 25/36 MP: 0/0
  3468 | D:3      | Learned a level 2 spell: Corpse Rot
  3636 | D:4      | Found a staircase to the Ecumenical Temple.
  3664 | Temple   | Entered the Ecumenical Temple
  3856 | Temple   | Became a worshipper of Makhleb the Destroyer
  4081 | D:4      | Reached skill level 5 in Spellcasting
  4236 | D:4      | Noticed an ogre
  4723 | D:4      | Found a glowing golden altar of the Shining One.
  4789 | D:4      | Found a bloodstained altar of Trog.
  4801 | D:4      | Found a blossoming altar of Fedhas.
  4835 | D:4      | Noticed an oklob plant
  4900 | D:4      | Noticed a water moccasin
  4912 | D:4      | Killed a water moccasin
  4913 | D:4      | Reached XP level 6. HP: 9/41 MP: 0/0
  5266 | D:4      | Found a hazy altar of Hepliaklqana.
  5422 | D:4      | Slain by a centaur

Illustrated notes

Levels and vault maps discovered:
D:1:      heliophobic_arrival_ceremonial_halls, layout_loops_ring
D:2:      wander_river, layout_rooms, lemuel_old_faithful
D:3:      layout_basic, amethyst_overflow_temple_binary, basic_ecumenical_altar
D:4:      layout_layer_cave, marbit_many_paths, tgw_fedhas,
          nicolae_overflow_hidden_temple, minmay_temple_entry_mini_moons,
          gup_sewer_entry_pipe, kennysheep_generic_room_7
Temple:   hc_temple_tempest_star

Skill      XL: |  1  2  3  4  5 |
---------------+----------------+-----
Spellcasting   | 3 4 5 |  5.6
Stealth        | 2 |  2.0
Fighting       | |  0.3
Short Blades   | |  0.3
Dodging        | |  2.4
Unarmed Combat | |  0.5

Action                   |  1- 3 |  4- 6 || total
-------------------------+-------+-------++-------
Melee: Unarmed           |     4 |       ||     4
       Dagger            |    20 |    59 ||    79
 Cast: Foxfire           |    79 |    41 ||   120
       Sticky Flame      |       |     2 ||     2
  Use: Scroll            |       |     6 ||     6
       Potion            |       |     4 ||     4
 Stab: Sleeping          |     2 |     2 ||     4
Armor: Robe              |     6 |    15 ||    21
Dodge: Dodged            |    26 |    60 ||    86

Table legend: (Time is in decaauts)
 A = Elapsed time spent in this place.
 B = Non-inter-level travel time spent in this place.
 C = Inter-level travel time spent in this place.
 D = Time resting spent in this place.
 E = Time spent auto-exploring this place.
 F = Levels seen in this place.
 G = Mean time per level.
                   A        B        C        D        E       F      G
               +--------+--------+--------+--------+--------+-----+--------+
         Total |   5421 |   5295 |    126 |    984 |   3809 |   5 | 1084.2 |
       Dungeon |   4858 |   4772 |     86 |    527 |   3749 |   4 | 1214.5 |
        Temple |    563 |    523 |     40 |    457 |     60 |   1 |  563.0 |
               +--------+--------+--------+--------+--------+-----+--------+

Top non-repeatable levels by time:
     D:1: 1361 daAuts
     D:4: 1260 daAuts
     D:3: 1198 daAuts
     D:2: 1038 daAuts
  Temple: 563 daAuts
